 Dungeon Crawl Stone Soup version 0.27.0-1-g7a089689b8 (webtiles) character file.

Game seed: 7715983705771195067

2 ZenoRockbell the Ducker (level 1, 0/22 HPs)
             Began as a Troll Fighter on Aug 6, 2021.
             Was a Follower of Dithmenos.
             Slain by a gnoll (3 damage)
             ... on level 1 of the Dungeon.
             The game lasted 00:01:25 (107 turns).

ZenoRockbell the Ducker (Troll Fighter)              Turns: 107, Time: 00:01:26

Health: 0/22       AC:  4    Str: 23    XL:     1   Next: 25%
Magic:  0/0        EV:  7    Int:  4    God:    Dithmenos [*.....]
Gold:   0          SH:  8    Dex:  9    Spells: 0/0 levels left

rFire    . . .     SeeInvis .   a - +0 flail
rCold    . . .     Faith    .   c - +0 kite shield
rNeg     . . .     Spirit   .   b - +0 robe
rPois    .         Reflect  .   (helmet restricted)
rElec    .         Harm     .   (no cloak)
rCorr    .         Rampage  .   (gloves unavailable)
Will     .....                  (boots unavailable)
Stlth    +.........             (no amulet)
HPRegen  1.07/turn              (no ring)
MPRegen  0.07/turn              (no ring)

@: wreathed by umbra
A: large, unfitting armour, claws 3, regeneration 1, shaggy fur 1, tough skin 1
a: Renounce Religion


You were on level 1 of the Dungeon.
You worshipped Dithmenos.
Dithmenos was aware of your devotion.
You visited 1 branch of the dungeon, and saw 1 of its levels.

Inventory:

Hand Weapons
 a - a +0 flail (weapon)
Armour
 b - a +0 robe (worn)
 c - a +0 kite shield (worn)
Potions
 d - a potion of might


   Skills:
 + Level 2.4 Fighting
 + Level 1.7 Maces & Flails
 + Level 2.5 Dodging
 + Level 2.4 Shields


You couldn't memorise any spells.
You didn't know any spells.
Your spell library was empty.

Dungeon Overview and Level Annotations

Branches:
Dungeon (1/15)

Altars:
Dithmenos


Innate Abilities, Weirdness & Mutations

You are too large for most types of armour.
You have claws for hands.
Your natural rate of healing is unusually fast.
You are covered in fur. (AC +1)
You have tough skin. (AC +1)


Message History

You closely miss the ball python.
The ball python is severely wounded.
The ball python barely misses you. The ball python bites you.
The hobgoblin barely misses you. The gnoll hits you with a +0 club.
The ball python bites you but does no damage.
The ball python bites you. You block the hobgoblin's attack.
You hit the ball python.
You kill the ball python!
Dithmenos accepts your kill. The ball python closely misses you.
You block the gnoll's attack.
The hobgoblin hits you but does no damage.
You block the ball python's attack. The gnoll closely misses you.
You block the ball python's attack. The hobgoblin hits you.
The ball python bites you.
As you read the scroll labelled YNIH CEOSO, it crumbles to dust.
You feel strangely unstable.
It was a scroll of teleportation.
The ball python bites you.
* * * LOW HITPOINT WARNING * * *
The hobgoblin hits you but does no damage.
The gnoll hits you but does no damage. The ball python barely misses you.
The ball python barely misses you. The hobgoblin barely misses you.
You block the ball python's attack.
The ball python bites you but does no damage.
The ball python bites you.
* * * LOW HITPOINT WARNING * * *
Your surroundings seem slightly different.
You hit the hobgoblin but do no damage.
The ball python bites you but does no damage.
The hobgoblin hits you.
* * * LOW HITPOINT WARNING * * *
The gnoll hits you with a +0 club.
* * * LOW HITPOINT WARNING * * *
The ball python bites you.
* * * LOW HITPOINT WARNING * * *
You block the hobgoblin's attack.
You closely miss the hobgoblin. The gnoll barely misses you.
You block the ball python's attack.
The ball python bites you but does no damage.
The hobgoblin barely misses you. The gnoll hits you with a +0 club.
You die...

... #..#...##.# #..(...
###.####.......#.# #.####.
.............###.# #.# #.
........†........###.# #.
.$...........###.....#####
.............##........#
.............##........#
...?....Sgg..##........#
..(.....S@...##........#
.............##........#
.♣♣..........##........#
♣..........###########
♣...#...#.## ♣##.#......
#.#...#.## #...#.#


You could see a gnoll, a hobgoblin and 2 ball pythons.

Vanquished Creatures
  A ball python (D:1)
  A bat (D:1)
2 creatures vanquished.

Notes
Turn   | Place    | Note
-------+----------+-------------------------------------------
     0 | D:1      | ZenoRockbell the Troll Fighter began the quest for the Orb.
     0 | D:1      | Reached XP level 1. HP: 22/22 MP: 0/0
    22 | D:1      | Found a faded altar of an unknown god.
    33 | D:1      | Became a worshipper of Dithmenos the Shadowed
    33 | D:1      | Reached * piety under Dithmenos
   106 | D:1      | HP: 1/22 [ball python (1)]
   107 | D:1      | Slain by a gnoll

Illustrated notes

Levels and vault maps discovered:
D:1:      psy_arrival_fountain, layout_basic, serial_forest,
          infiniplex_forest_clump_double, infiniplex_forest_lined_ring,
          infiniplex_forest_end_double, infiniplex_forest_clump_curved,
          infiniplex_forest_lined_2, infiniplex_forest_end_1,
          infiniplex_forest_corner_1, infiniplex_forest_straight_5,
          basic_ecumenical_altar

Action                   || total
-------------------------++-------
Melee: Flail             ||     8
  Use: Scroll            ||     1
Armor: Robe              ||    14
Dodge: Dodged            ||    14
Block: Kite shield       ||    14
